 Dungeon Crawl Stone Soup version 0.30-a0-576-g89cddaab80 (webtiles) character file.

Game seed: 14036218677572838183

2442 wormed the Nimble (level 9, 15/74 HPs)
             Began as a Gnoll Monk on Dec 30, 2022.
             Was an Elder of Wu Jian.
             Quit the game on level 7 of the Dungeon.
             The game lasted 00:14:07 (6903 turns).

wormed the Nimble (Gnoll Monk)                      Turns: 6903, Time: 00:14:08

Health: 15/74      AC:  6    Str: 10 (11) XL:     9   Next: 49%
Magic:  15/15      EV: 16    Int:  9 (11) God:    Wu Jian [****..]
Gold:   340        SH:  0    Dex: 16 (17) Spells: 14/16 levels left

rFire   . . .      SeeInvis .    H - +4 dagger
rCold   . . .      Faith    .    (no shield)
rNeg    . . .      Spirit   .    a - +1 robe {Will+}
rPois   .          Reflect  .    i - +1 helmet
rElec   .          Harm     .    (no cloak)
rCorr   +          Rampage  .    g - +0 pair of gloves
Will    +....                    (no boots)
Stlth   +++                      l - amulet of magic regeneration
HPRegen 0.32/turn                d - ring of resist corrosion
MPRegen 0.54/turn                (no ring)

@: lethally poisoned (15 -> -10)
A: fangs 1, strong nose, distributed training
a: Renounce Religion, Wall Jump, Serpent's Lash


You were on level 7 of the Dungeon.
You worshipped Wu Jian.
Wu Jian was greatly pleased with you.
You visited 2 branches of the dungeon, and saw 8 of its levels.

You collected 340 gold pieces.

Inventory:

Hand Weapons
 H - a +4 dagger (weapon)
Missiles
 b - a throwing net
 t - 10 atropa-tipped darts (quivered)
 v - 3 javelins
 A - 4 poisoned darts
Armour
 a - a +1 robe of willpower (worn)
 g - a +0 pair of gloves (worn)
 i - a +1 helmet (worn)
Jewellery
 d - a ring of resist corrosion (left hand)
 l - an amulet of magic regeneration (around neck)
Wands
 q - a wand of mindburst (11)
 y - a wand of flame (44)
 D - a wand of iceblast (6)
 E - a wand of digging (6)
Scrolls
 j - 3 scrolls of fear
 k - 5 scrolls of identify {unknown}
 m - 2 scrolls of fog {unknown}
 n - 6 scrolls of immolation
 p - 2 scrolls of amnesia {unknown}
 r - 3 scrolls of teleportation {unknown}
 w - 2 scrolls of blinking {unknown}
 x - 2 scrolls of magic mapping {unknown}
 B - a scroll of brand weapon {unknown}
 I - a scroll of enchant weapon {unknown}
Potions
 c - a potion of ambrosia
 e - 2 potions of curing
 f - 2 potions of lignification {unknown}
 h - 2 potions of flight {unknown}
 o - a potion of berserk rage {unknown}
 s - a potion of magic {unknown}
 u - 2 potions of degeneration
 z - a potion of mutation {unknown}
 C - 2 potions of haste {unknown}
 F - a potion of heal wounds {unknown}
 G - 2 potions of cancellation {unknown}


   Skills:
 + Level 8.0 Fighting
 + Level 4.4 Short Blades
 + Level 8.0 Long Blades
 + Level 4.4 Axes
 + Level 4.4 Maces & Flails
 + Level 4.4 Polearms
 + Level 4.4 Staves
 + Level 4.4 Ranged Weapons
 + Level 4.4 Throwing
 + Level 4.4 Armour
 + Level 8.0 Dodging
 + Level 6.2 Stealth
 + Level 4.4 Shields
 + Level 4.4 Unarmed Combat
 + Level 4.4 Spellcasting
 + Level 3.7 Conjurations
 + Level 3.7 Hexes
 + Level 3.7 Summonings
 + Level 3.7 Necromancy
 + Level 3.7 Translocations
 + Level 3.7 Transmutations
 + Level 3.7 Fire Magic
 + Level 3.7 Ice Magic
 + Level 3.7 Air Magic
 + Level 3.7 Earth Magic
 + Level 3.7 Poison Magic
 + Level 4.9 Invocations
 + Level 4.4 Evocations


You had 14 spell levels left.
You knew the following spells:

 Your Spells              Type           Power      Damage    Failure   Level
a - Blink                 Tloc           16%        N/A       9%          2

Your spell library contained the following spells:

 Spells                   Type           Power      Damage    Failure   Level
 Call Canine Familiar     Summ           8%         N/A       17%         3
 Dazzling Flash           Conj/Hex       16%        N/A       17%         3
 Frozen Ramparts          Ice            16%        1d3       17%         3
 Ignite Poison            Fire/Tmut/Pois 8%         N/A       17%         3
 Portal Projectile        Hex/Tloc       16%        N/A       17%         3
 Ice Form                 Ice/Tmut       8%         N/A       50%         4
 Leda's Liquefaction      Hex/Erth       4%         N/A       50%         4
 Manifold Assault         Tloc           8%         N/A       50%         4
 Olgreb's Toxic Radiance  Pois           8%         N/A       50%         4
 Sticky Flame             Conj/Fire      8%         2d3       50%         4
 Summon Ice Beast         Ice/Summ       8%         N/A       50%         4
 Agony                    Necr           8%         N/A       85%         5
 Silence                  Hex/Air        4%         N/A       85%         5
 Ozocubu's Refrigeration  Ice            4%         4d8       100%        7
 Storm Form               Tmut/Air       4%         N/A       100%        7
 Ignition                 Fire           4%         3d4       100%        8


Dungeon Overview and Level Annotations

Branches:
Dungeon (7/15)             Temple (1/1) D:4

Altars:
Fedhas
Gozag
Nemelex Xobeh
Qazlal
Uskayaw
Wu Jian
Xom
The Shining One


Innate Abilities, Weirdness & Mutations

You have very sharp teeth.
Your uncanny sense of smell can sniff out nearby items.
Your experience applies equally to all skills.


Message History

The hound bites you.
You hit the hound. You bite the hound, but do no damage.
The hound is lightly wounded.
The hound bites you but does no damage.
The gnoll hits you with a +2 flail of protection!
The gnoll misses you. x2
The gnoll sergeant hits you from afar with a +0 spear of venom!
You are poisoned.
You hit the hound.
The hound is moderately wounded.
You feel sick. The hound misses you.
The gnoll hits you from afar with a +0 spear.
The gnoll sergeant hits you from afar with a +0 spear of venom.
You are more poisoned.
The gnoll hits you from afar with a +0 spear!
The gnoll barely misses you.
You are too injured to fight recklessly!
You are too injured to fight recklessly!
You are too injured to fight recklessly!
You are too injured to fight recklessly!
You are too injured to fight recklessly!
You are too injured to fight recklessly!
You are too injured to fight recklessly!
You are too injured to fight recklessly!
You are too injured to fight recklessly!
You are too injured to fight recklessly!
You are too injured to fight recklessly!
You are too injured to fight recklessly!
You are too injured to fight recklessly!
You are too injured to fight recklessly!
You are too injured to fight recklessly!
You are too injured to fight recklessly!
You spin and attack the hound.
You barely miss the hound.
The hound is moderately wounded.
You feel very sick. The hound bites you. The hound misses you.
The gnoll sergeant hits you from afar with a +0 spear of venom!
* * * LOW HITPOINT WARNING * * *
You are lethally poisoned!
Are you sure you want to abandon this character and quit the game? (Confirm with "yes".)

###..##...#......# .###
#..........##..# #.##.
##.###.######..####.##.
# #.# #.........##.
###.###.####.....##..##.
#...............)##..##.
#.#####..##..##.........
#..##......##...#.
#@.##.#######.....
#gh##. #.#.#.
#.....gg.g..# #.#.#.
#..####..#..... #.#.#.
#........ #.#.#.
......##. ...... .......
)..... .###.### #.#...
#. .# .....


You could see a gnoll sergeant, a hound and 3 gnolls.

Vanquished Creatures
  Pikel (D:4)
  A hornet (D:5)
  Sigmund (D:5)
  A steam dragon (D:5)
  A water moccasin (D:6)
  A black bear (D:6)
  An ice beast (D:6)
  2 centaurs (D:5)
  3 lemures (D:3)
  2 phantoms (D:5)
  A necrophage (D:3)
  2 scorpions (D:5)
  A howler monkey (D:6)
  A hound (D:6)
  An orc priest (D:5)
  3 jellies (D:6)
  A gnoll bouda (D:7)
  4 iguanas
  Ijyb (D:5)
  Natasha (thrice) (D:4)
  4 orc wizards
  6 gnolls
  6 adders
  A shadow imp (D:7)
  A white imp (D:6)
  A worm (D:1)
  21 orcs
  8 ball pythons
  8 bats
  6 endoplasms
  A giant cockroach (D:1)
  5 goblins
  3 hobgoblins
  A kobold (D:1)
  6 quokkas
  A frilled lizard (D:2)
  4 rats
115 creatures vanquished.

Notes
Turn   | Place    | Note
-------+----------+-------------------------------------------
     0 | D:1      | wormed the Gnoll Monk began the quest for the Orb.
     0 | D:1      | Reached XP level 1. HP: 23/23 MP: 1/1
   181 | D:1      | Found a faded altar of an unknown god.
   198 | D:1      | Prayed at the altar of an unknown god.
   198 | D:1      | Became a worshipper of the Wu Jian Council
   198 | D:1      | Reached * piety under Wu Jian
   198 | D:1      | Reached ** piety under Wu Jian
   210 | D:1      | Reached XP level 2. HP: 29/29 MP: 2/2
   639 | D:1      | Reached XP level 3. HP: 35/35 MP: 3/3
   987 | D:2      | Reached skill level 1 in Invocations
  1196 | D:2      | Reached *** piety under Wu Jian
  1529 | D:2      | Reached skill level 1 in Short Blades
  1529 | D:2      | Reached skill level 1 in Axes
  1529 | D:2      | Reached skill level 1 in Maces & Flails
  1529 | D:2      | Reached skill level 1 in Polearms
  1529 | D:2      | Reached skill level 1 in Staves
  1529 | D:2      | Reached skill level 1 in Ranged Weapons
  1529 | D:2      | Reached skill level 1 in Throwing
  1529 | D:2      | Reached skill level 1 in Armour
  1529 | D:2      | Reached skill level 1 in Shields
  1529 | D:2      | Reached skill level 1 in Unarmed Combat
  1529 | D:2      | Reached skill level 1 in Spellcasting
  1529 | D:2      | Reached skill level 1 in Evocations
  2013 | D:3      | Found a stormy altar of Qazlal.
  2020 | D:3      | Noticed a necrophage
  2030 | D:3      | Killed a necrophage
  2031 | D:3      | Reached skill level 1 in Conjurations
  2031 | D:3      | Reached skill level 1 in Hexes
  2031 | D:3      | Reached skill level 1 in Summonings
  2031 | D:3      | Reached skill level 1 in Necromancy
  2031 | D:3      | Reached skill level 1 in Translocations
  2031 | D:3      | Reached skill level 1 in Transmutations
  2031 | D:3      | Reached skill level 1 in Fire Magic
  2031 | D:3      | Reached skill level 1 in Ice Magic
  2031 | D:3      | Reached skill level 1 in Air Magic
  2031 | D:3      | Reached skill level 1 in Earth Magic
  2031 | D:3      | Reached skill level 1 in Poison Magic
  2031 | D:3      | Reached XP level 4. HP: 36/41 MP: 5/5
  2188 | D:3      | Reached XP level 5. HP: 47/47 MP: 7/7
  2337 | D:3      | Found an opulent altar of Gozag.
  2676 | D:4      | Noticed Natasha
  2683 | D:4      | Killed Natasha
  2804 | D:4      | Noticed a lemure
  2804 | D:4      | Noticed a lemure
  2814 | D:4      | Found a staircase to the Ecumenical Temple.
  2819 | D:4      | Noticed a lemure
  2860 | D:4      | Noticed Natasha
  2894 | D:3      | Killed a lemure
  3022 | D:3      | Killed a lemure
  3090 | D:3      | Killed a lemure
  3117 | D:4      | Killed Natasha
  3121 | D:4      | Noticed Natasha
  3131 | D:4      | Killed Natasha
  3132 | D:4      | Reached XP level 6. HP: 43/53 MP: 8/8
  3173 | D:4      | Noticed Pikel
  3185 | Temple   | Entered the Ecumenical Temple
  3292 | D:4      | Killed Pikel
  3293 | D:4      | Reached skill level 5 in Stealth
  3293 | D:4      | Reached XP level 7. HP: 34/60 MP: 8/11
  3627 | D:5      | Entered Level 5 of the Dungeon
  3846 | D:5      | Reached XP level 8. HP: 55/67 MP: 12/12
  4153 | D:5      | Found a shimmering altar of Xom.
  4208 | D:5      | Noticed Sigmund
  4214 | D:5      | Killed Sigmund
  4234 | D:5      | Noticed Ijyb
  4246 | D:5      | Killed Ijyb
  4413 | D:5      | Noticed a hornet
  4767 | D:5      | Found a blossoming altar of Fedhas.
  4767 | D:5      | Found a sparkling altar of Nemelex Xobeh.
  4954 | D:5      | Killed a hornet
  4955 | D:5      | Reached XP level 9. HP: 62/74 MP: 13/15
  5087 | D:5      | Learned a level 2 spell: Blink
  5315 | D:6      | Found a hide-covered altar of Uskayaw.
  6095 | D:6      | Found a glowing golden altar of the Shining One.
  6220 | D:5      | Reached **** piety under Wu Jian
  6903 | D:7      | Quit the game

Illustrated notes

Levels and vault maps discovered:
D:1:      dpeg_arrival_connections, layout_basic,
          shapermc_ecumenical_altar_starsandcircs, nicolae_wormholes
D:2:      layout_loops_corners
D:3:      layout_rooms, mainiacjoe_overflow_big_doors
D:4:      layout_cave_pools, minmay_temple_entry_wispy, uniq_natasha, uniq_pikel
D:5:      minmay_clustersquares, layout_loops_ring, lemuel_tele_altar,
          gammafunk_temple_overflow_statue, uniq_ijyb, uniq_sigmund
D:6:      layout_basic, nicolae_tso_carved_into_rock,
          mainiacjoe_overflow_24_doors, st_stairs_5
D:7:      layout_loops_ring, mainiacjoe_overflow_alcove_1, uniq_prince_ribbit1,
          uniq_menkaure
Temple:   hellmonk_temple_beads

Skill      XL: |  1  2  3  4  5  6  7  8  9 |
---------------+----------------------------+-----
Invocations    | 1 2 3 4 |  4.9
Short Blades   | 1 2 3 4 |  4.4
Axes           | 1 2 3 4 |  4.4
Maces & Flails | 1 2 3 4 |  4.4
Polearms       | 1 2 3 4 |  4.4
Staves         | 1 2 3 4 |  4.4
Ranged Weapons | 1 2 3 4 |  4.4
Throwing       | 1 2 3 4 |  4.4
Armour         | 1 2 3 4 |  4.4
Shields        | 1 2 3 4 |  4.4
Unarmed Combat | 1 2 3 4 |  4.4
Spellcasting   | 1 2 3 4 |  4.4
Evocations     | 1 2 3 4 |  4.4
Conjurations   | 1 2 3 |  3.7
Hexes          | 1 2 3 |  3.7
Summonings     | 1 2 3 |  3.7
Necromancy     | 1 2 3 |  3.7
Translocations | 1 2 3 |  3.7
Transmutations | 1 2 3 |  3.7
Fire Magic     | 1 2 3 |  3.7
Ice Magic      | 1 2 3 |  3.7
Air Magic      | 1 2 3 |  3.7
Earth Magic    | 1 2 3 |  3.7
Poison Magic   | 1 2 3 |  3.7
Fighting       | 7 8 |  8.0
Long Blades    | 7 8 |  8.0
Dodging        | 7 8 |  8.0
Stealth        | 5 6 |  6.2

Action                   |  1- 3 |  4- 6 |  7- 9 || total
-------------------------+-------+-------+-------++-------
Melee: Falchion          |   100 |   139 |       ||   239
       Bite              |     4 |    14 |    36 ||    54
       Punch             |     2 |     4 |     5 ||    11
       Whip              |       |       |   145 ||   145
       Dagger            |       |       |   162 ||   162
Throw: Dart              |       |    10 |       ||    10
Invok: Lunge             |    18 |    10 |    15 ||    43
       Serpent's Lash    |       |     3 |     3 ||     6
       Whirlwind         |       |    11 |     5 ||    16
 Abil: Wall Jump         |     1 |     1 |       ||     2
  Use: Potion            |       |     1 |     2 ||     3
       Scroll            |       |       |     2 ||     2
 Stab: Sleeping          |     9 |     2 |     9 ||    20
       Distracted        |       |     2 |       ||     2
Armor: Robe              |    20 |       |    34 ||    54
       Leather armour    |     2 |    38 |    37 ||    77
Dodge: Dodged            |    70 |    86 |   232 ||   388

Table legend: (Time is in decaauts)
 A = Elapsed time spent in this place.
 B = Non-inter-level travel time spent in this place.
 C = Inter-level travel time spent in this place.
 D = Time resting spent in this place.
 E = Time spent auto-exploring this place.
 F = Levels seen in this place.
 G = Mean time per level.
                   A        B        C        D        E       F      G
               +--------+--------+--------+--------+--------+-----+--------+
         Total |   6880 |   6243 |    637 |    167 |   4662 |   8 |  860.0 |
       Dungeon |   6785 |   6148 |    637 |    167 |   4586 |   7 |  969.3 |
        Temple |     95 |     95 |      0 |      0 |     76 |   1 |   95.0 |
               +--------+--------+--------+--------+--------+-----+--------+

Top non-repeatable levels by time:
     D:5: 1680 daAuts
     D:6: 1219 daAuts
     D:1: 1069 daAuts
     D:2: 952 daAuts
     D:3: 892 daAuts
     D:4: 713 daAuts
     D:7: 257 daAuts
  Temple: 95 daAuts
